 Dungeon Crawl Stone Soup version 0.23-a0-558-g30802b1d75 (webtiles) character file.

9 LLavrengius the Shield-Bearer (level 2, 0/21 HPs)
             Began as an Octopode Fighter on Dec 11, 2018.
             Slain by a frilled lizard (2 damage)
             ... on level 1 of the Dungeon.
             The game lasted 00:00:58 (97 turns).

LLavrengius the Shield-Bearer (Octopode Fighter)      Turns: 97, Time: 00:00:58

Health: 0/21       AC:  1    Str: 15    XL:     2   Next: 16%
Magic:  2/2        EV: 11    Int: 10    God:
Gold:   12         SH:  8    Dex: 11    Spells: 1/1 levels left

rFire    . . .     SeeInvis .   a - +0 long sword
rCold    . . .     Gourm    .   b - +0 shield
rNeg     . . .     Faith    .   (helmet restricted)
rPois    .         Spirit   .   (no amulet)
rElec    .         Reflect  .   (no ring)
rCorr    .         Harm     .   (no ring)
MR       .....                  (no ring)
Stlth    ++........             (no ring)
HPRegen  0.07/turn              (no ring)
MPRegen  0.08/turn              (no ring)
                                (no ring)
                                (no ring)

@: no status effects
A: almost no armour, stealthy swim, amphibious, 8 rings, constrict 8, camouflage
1, gelatinous body 1
a: no special abilities


You were on level 1 of the Dungeon.
You were not hungry.

You visited 1 branch of the dungeon, and saw 1 of its levels.

You collected 12 gold pieces.

Inventory:

Hand Weapons
 a - a +0 long sword (weapon)
 e - a +1 spear of flaming
Armour
 b - a +0 shield (worn)
Scrolls
 f - a scroll of identify {unknown}
Potions
 c - a potion of might
Comestibles
 d - a ration


   Skills:
 - Level 3.1 Fighting
 - Level 2.0 Long Blades
 - Level 3.1 Dodging
 + Level 0.7 Stealth
 + Level 3.2 Shields


You had one spell level left.
You didn't know any spells.
Your spell library was empty.

Dungeon Overview and Level Annotations

Branches:
Dungeon (1/15)

Altars:


Innate Abilities, Weirdness & Mutations

You cannot wear most types of armour.
You are very stealthy in the water. (Stealth+)
You are amphibious.
You can wear up to eight rings at the same time.
You can use your tentacles to constrict eight enemies at once.
Your skin changes colour to match your surroundings (Stealth+).
Your rubbery body absorbs attacks. (AC +1, EV +1)


Message History

The frilled lizard hisses angrily.
The kobold barely misses you.
You hit the kobold.
You kill the kobold!
You block the kobold's attack. The kobold hits you with a +0 whip.
You closely miss the kobold. Your grab misses the kobold.
The kobold hits you with a +0 whip. The kobold hits you with a +0 club.
You are too injured to fight recklessly!
You are too injured to fight recklessly!
You are too injured to fight recklessly!
The kobold hits you with a +0 whip.
* * * LOW HITPOINT WARNING * * *
The kobold hits you with a +0 whip.
* * * LOW HITPOINT WARNING * * *
You miss the frilled lizard. Your grab misses the frilled lizard.
You block the frilled lizard's attack. The frilled lizard bites you.
* * * LOW HITPOINT WARNING * * *
You closely miss the frilled lizard. Your grab misses the frilled lizard.
The frilled lizard bites you.
You die...

####.††)...............#.).#
#......##.####......)...#
#...#####.# #..........####
#...# #.# #..............
##.## #.#####.......!.....
#.# ##...###......#####?#
#.# #.......lKK...# . #.#
####.####l##### #.# #.†###@#
# #.# ##).##.##.... #)###
##.......# #.(.####
#...##### ###....###...#.#
#........#...#
#....######..#
#.##########..
#.###.........


You could see 2 kobolds and 2 frilled lizards.

Vanquished Creatures
  A leopard gecko (D:1)
  A bat (D:1)
  2 hobgoblins (D:1)
  3 kobolds (D:1)
  A rat (D:1)
8 creatures vanquished.

Notes
Turn   | Place    | Note
-------+----------+-------------------------------------------
     0 | D:1      | LLavrengius the Octopode Fighter began the quest for the
                  | Orb.
     0 | D:1      | Reached XP level 1. HP: 16/16 MP: 1/1
    71 | D:1      | Reached XP level 2. HP: 18/21 MP: 2/2
    97 | D:1      | Slain by a frilled lizard

Vault maps used:
D:1:      nzn_arrival_crosshair, minmay_distorted

Action                   || total
-------------------------++-------
Melee: Long sword        ||    19
       Constrict         ||     5
       Tentacles         ||     4
Armor: Skin              ||     1
Dodge: Dodged            ||     5
Block: Shield            ||    10
       Rpst.: Long sword ||     2

Table legend:
 A = Non-vault XP
 B = Vault XP
 C = Vault XP percentage of total XP
 D = Non-vault monster count
 E = Vault monster count
 F = Vault count percentage of total count
                 A         B        C        D         E       F
            +---------+---------+-------+---------+---------+-------
      Total |      14 |       0 |   0.0 |       8 |       0 |   0.0
            +---------+---------+-------+---------+---------+-------
        D:1 |      14 |       0 |   0.0 |       8 |       0 |   0.0
            +---------+---------+-------+---------+---------+-------
